 Dungeon Crawl Stone Soup version 0.20-a0-303-g575bbf7 (webtiles) character file.

746 Havercy the Shield-Bearer (level 7, -6/51 HPs)
             Began as a Mummy Gladiator on Dec 16, 2016.
             Was a Follower of Ashenzari.
             Killed by divine providence
             ... invoked by an orc priest
              (10 damage)
             ... on level 5 of the Dungeon.
             The game lasted 00:06:37 (5945 turns).

Havercy the Shield-Bearer (Mummy Gladiator)         Turns: 5945, Time: 00:06:38

Health: -6/51      AC: 10    Str: 20    XL:     7   Next: 48%
Magic:  7/7        EV:  8    Int:  7    God:    Ashenzari [*.....]
Gold:   138        SH:  5    Dex: 13    Spells: 6/6 levels left

rFire  x . .     SeeInvis .     a - +0 long sword
rCold  + . .     Gourm    .     e - +0 chain mail
rNeg   + + +     Faith    .     i - +0 buckler
rPois  ∞         Spirit   .     h - +2 hat {MR+}
rElec  .         Reflect  .     (no cloak)
rCorr  .         Harm     .     (no gloves)
MR     +....                    (no boots)
Stlth  ..........               (no amulet)
                                (no ring)
                                (no ring)

@: about to teleport
A: no food or potions, fire vulnerability, cold resistance 1, negative energy
resistance 3, torment resistance, unbreathing
a: Curse Item, Scrying, Renounce Religion


You were on level 5 of the Dungeon.
You worshipped Ashenzari.
Ashenzari was aware of your devotion.
You were not hungry.

You visited 1 branch of the dungeon, and saw 5 of its levels.
You also visited: Sewer.

You collected 138 gold pieces.

Inventory:

Hand Weapons
 a - a +0 long sword (weapon)
 p - a +1 short sword of venom
Missiles
 d - 3 throwing nets (quivered)
Armour
 e - a +0 chain mail (worn)
 h - a +2 hat of magic resistance (worn)
 i - a +0 buckler (worn)
Wands
 k - a wand of polymorph (6/24)
Scrolls
 b - a scroll of identify
 f - a scroll of teleportation
 g - 2 scrolls of fog
 j - a scroll of magic mapping
 l - 2 scrolls of enchant armour
 m - 2 scrolls of blinking {unknown}
 o - a scroll of recharging {unknown}


   Skills:
 + Level 2.4 Fighting
 + Level 0.7(2.8) Short Blades
 * Level 4.4(4.5) Long Blades
 - Level 1.5 Throwing
 + Level 1.9 Armour
 + Level 2.8 Dodging
 - Level 4.6 Shields
 - Level 0.2 Evocations


You had 6 spell levels left.
You didn't know any spells.

Dungeon Overview and Level Annotations

Branches:
Dungeon (5/15)
 Temple: D:4-7

Altars:
Ashenzari


Innate Abilities, Weirdness & Mutations

You do not eat or drink.
Your flesh is vulnerable to fire.
You are immune to poison.
Your flesh is cold resistant. (rC+)
You are immune to negative energy. (rN+++)
You are immune to unholy pain and torment.
You can survive without breathing.


Message History

You are too injured to fight recklessly!
Unknown command.
You are too injured to fight recklessly!
The orc wizard mumbles some strange words.
The orc priest looks satisfied for a moment.
You block the orc wizard's attack.
The orc wizard points at you and mumbles some strange words.
The puff of flame hits you! The fire burns you terribly!
* * * LOW HITPOINT WARNING * * *
Evoke which item? (* to show all) (? for menu, Esc to quit)
Okay, then.
As you read the scroll of teleportation, it crumbles to dust.
You feel strangely unstable. The orc wizard barely misses you.
The crimson imp blinks!
Unknown command.
Unknown command.
The orc wizard hits you but does no damage.
The orc priest calls down the wrath of Beogh upon you.
Beogh smites you!
You die...

#...# #o.
....##.# #
#..##o#.#
#..##.#S#
#...os.s#
#..o#S######
#..§#o.....#
#.#5.o#..!...#
#.....@......#
#####.#......#
#####....#####
# #........#
#.###
#.#....>.#
#.#..
#.#.##.#.#
....
#.#.##.#.#
#.###.#.# .#..
#.....#!# .#
..


You could see a scorpion, an orc priest, an orc wizard, a crimson imp, an adder
and 2 orcs.

Vanquished Creatures
  Grinder (D:3)
  An ice beast (D:3)
  A phantom (D:4)
  2 hounds (D:4)
  Ijyb (D:3)
  A worker ant (D:3)
  Robin (D:3)
  A howler monkey skeleton (D:4)
  9 adders
  An ooze (Sewer)
  3 worms
  2 dart slugs
  4 leopard geckos (D:2)
  13 orcs
  13 bats
  9 giant cockroaches
  12 goblins
  17 hobgoblins
  8 jackals
  10 kobolds
  2 quokkas
  3 ball pythons
  5 frilled lizards
  A leopard gecko skeleton (D:4)
  6 rats
127 creatures vanquished.

Notes
Turn   | Place    | Note
-------+----------+-------------------------------------------
     0 | D:1      | Havercy the Mummy Gladiator began the quest for the Orb.
     0 | D:1      | Reached XP level 1. HP: 16/16 MP: 1/1
   144 | D:1      | Reached XP level 2. HP: 13/22 MP: 2/2
  1186 | D:2      | Reached XP level 3. HP: 24/27 MP: 3/3
  1205 | D:2      | Reached skill level 1 in Shields
  1291 | D:2      | Found a shattered altar of Ashenzari.
  1543 | D:2      | Reached XP level 4. HP: 31/33 MP: 4/4
  2420 | D:2      | Became a worshipper of Ashenzari the Shackled
  2439 | D:3      | Found a glowing drain.
  2513 | D:3      | Reached XP level 5. HP: 23/38 MP: 5/5
  2536 | Sewer    | Entered a sewer
  3725 | D:3      | Noticed Ijyb
  3766 | D:3      | Killed Ijyb
  3839 | D:3      | Noticed an ice beast
  3851 | D:3      | Killed an ice beast
  3851 | D:3      | Reached XP level 6. HP: 30/44 MP: 6/6
  4085 | D:3      | Noticed Robin
  4097 | D:3      | Killed Robin
  4368 | D:3      | Noticed Grinder
  4407 | D:3      | Killed Grinder
  4407 | D:3      | Reached skill level 1 in Armour
  4407 | D:3      | Reached XP level 7. HP: 17/50 MP: 7/7
  5900 | D:5      | Entered Level 5 of the Dungeon
  5916 | D:5      | Reached * piety under Ashenzari
  5945 | D:5      | Killed from afar by an orc priest

Vault maps used:
D:1:      dpeg_arrival_rhombus, hangedman_decor_push, patterned_corridor
D:2:      wad_river_or_something, evilmike_ruin_ashenzari
D:3:      first_bread, gup_sewer_entry_glass, uniq_iyjb, uniq_grinder,
          uniq_robin
Sewer:    sewer_fruit_machine

Skill      XL: |  1  2  3  4  5  6  7 |
---------------+----------------------+-----
Long Blades    | 3 4 |  4.4
Shields        | 2 3 4 |  4.6
Armour         | 1 |  1.9
Fighting       | |  2.4
Short Blades   | |  0.7
Throwing       | |  1.5
Dodging        | |  2.8
Evocations     | |  0.2

Action                   |  1- 3 |  4- 6 |  7- 9 || total
-------------------------+-------+-------+-------++-------
Melee: Long sword        |   140 |   285 |    86 ||   511
       Short sword       |       |    38 |       ||    38
Evoke: Wand              |       |       |     1 ||     1
  Use: Scroll            |       |     3 |     2 ||     5
Armor: Leather armour    |     6 |       |       ||     6
       Chain mail        |    92 |   285 |    46 ||   423
Dodge: Dodged            |    85 |   241 |    18 ||   344
Block: Buckler           |       |    11 |    19 ||    30
       Rpst.: Long sword |    27 |    67 |     9 ||   103
